 Dungeon Crawl Stone Soup version 0.19.1-1-g22dce08 (webtiles) character file.

434158 rutigerpupkin the Scorcher (level 23, -9/148 HPs)
             Began as a Gargoyle Fire Elementalist on Jan 17, 2017.
             Was the Champion of Vehumet.
             Killed by the air
             ... invoked by a titan
              (28 damage)
             ... on level 2 of the Depths on Jan 20, 2017.
             The game lasted 06:33:12 (61275 turns).

rutigerpupkin the Scorcher (GrFE)                  Turns: 61275, Time: 06:33:13

Health: -9/148     AC: 30    Str: 13    XL:     23   Next: 97%
Magic:  7/51       EV: 11    Int: 28    God:    Vehumet [******]
Gold:   1706       SH: 31    Dex: 10    Spells: 9 memorised, 16 levels left

rFire  + + +     SeeInvis .     H - staff of fire
rCold  + . .     Gourm    .     z - +2 robe {rC+ rF+}
rNeg   + + +     Faith    .     G - +18 shield of the Gong {rElec rN+ MR+ EV-5}
rPois  ∞         Spirit   .     o - +2 helmet {Int+3}
rElec  +         Reflect  .     n - +0 cloak of Shadows and Fog {*Slow rC+ Regen+ Stlth+}
rCorr  .         Harm     .     P - +1 pair of gloves
MR     +++++     Clarity  +     A - +0 pair of boots
Stlth  +++.......               R - amulet of the Four Winds {rN+ MR+++ Clar}
                                D - ring of magical power
                                r - ring of fire

@: flying, slowed, very slow
A: big wings, icy blue scales 1, negative energy resistance 1, electricity
resistance, unbreathing, petrification resistance, rot immunity, AC +17
a: Stop Flying, Renounce Religion
}: 2/15 runes: barnacled, gossamer


You were on level 2 of the Depths.
You worshipped Vehumet.
Vehumet was exalted by your worship.
You were not hungry.

You visited 9 branches of the dungeon, and saw 41 of its levels.
You also visited: Sewer, Ice Cave and Wizlab.

You collected 4150 gold pieces.
You spent 2444 gold pieces at shops.

Inventory:

Hand Weapons
 k - a +1 trishula of holy wrath
Missiles
 N - 13 javelins of penetration (quivered)
Armour
 n - the +0 cloak of Shadows and Fog (worn) {*Slow rC+ Regen+ Stlth+}
   (You found it on level 4 of the Lair of Beasts)

   It protects you from cold.
   It increases your rate of regeneration.
   It may slow you when you take damage.
   It makes you more stealthy.
 o - a +2 helmet of intelligence (worn)
 s - a +1 cloak
 z - a +2 robe of resistance (worn)
 A - a +0 pair of boots (worn)
 G - the +18 shield of the Gong (worn) {rElec rN+ MR+ EV-5}
   (You found it on level 3 of the Elven Halls)

   It affects your evasion (-5).
   It insulates you from electricity.
   It protects you from negative energy.
   It affects your resistance to hostile enchantments.
 P - a +1 pair of gloves (worn)
 T - a +2 shield of reflection
 X - a +2 shield of protection
Magical Staves
 a - an uncursed staff of power
 H - an uncursed staff of fire (weapon)
Rods
 E - a +3 rod of shadows (7/9)
   (You took it off a yaktaur on level 2 of the Depths)
 Q - a +9 iron rod (4/10)
   (You took it off a deep elf annihilator on level 3 of the Elven Halls)
Jewellery
 i - an uncursed ring of positive energy
 m - an uncursed ring of see invisible
 r - a ring of fire (left hand)
 D - a ring of magical power (right hand)
 L - the brooch of Shielding {Reflect SH+8}
   (You took it off a deep elf mage on level 3 of the Elven Halls)

   [amulet of reflection]

   It shields you and reflects attacks.
   It affects your SH (+8).
 O - an uncursed amulet of the gourmand
 R - the amulet of the Four Winds (around neck) {rN+ MR+++ Clar}
   (You took it off a deep elf sorcerer on level 3 of the Elven Halls)

   [amulet of nothing]

   It protects you from negative energy.
   It affects your resistance to hostile enchantments.
   It protects you against confusion.
Wands
 b - a wand of paralysis (11/24)
 f - a wand of teleportation (1/9)
 w - a wand of hasting (1/9)
 x - a wand of acid (1/15)
 M - a wand of disintegration (6/24)
Scrolls
 d - 9 scrolls of magic mapping
 e - a scroll of amnesia
 g - a scroll of identify
 h - 16 scrolls of teleportation
 u - 2 scrolls of blinking
Potions
 j - 17 potions of curing
 l - a potion of invisibility
 C - 6 potions of magic
 I - 5 potions of heal wounds
 J - 2 potions of ambrosia
 U - 4 potions of haste
Books
 v - a book of Conjurations

   Spells                             Type                      Level
   a - Magic Dart                     Conjuration                  1
   b - Searing Ray                    Conjuration                  2
   c - Dazzling Spray                 Conjuration/Hexes            3
   d - Fulminant Prism                Conjuration/Hexes            4
   e - Iskenderun's Mystic Blast      Conjuration                  4
   f - Iskenderun's Battlesphere      Conjuration/Charms           5
 F - a book of Annihilations

   Spells                             Type                      Level
   a - Poison Arrow                   Conjuration/Poison           6
   b - Chain Lightning                Conjuration/Air              8
   c - Lehudib's Crystal Spear        Conjuration/Earth            8
   d - Glaciate                       Conjuration/Ice              9
   e - Fire Storm                     Conjuration/Fire             9
 K - a book of Power

   Spells                             Type                      Level
   a - Fulminant Prism                Conjuration/Hexes            4
   b - Iskenderun's Mystic Blast      Conjuration                  4
   c - Venom Bolt                     Conjuration/Poison           5
   d - Bolt of Magma                  Conjuration/Fire/Earth       5
   e - Iron Shot                      Conjuration/Earth            6
   f - Orb of Destruction             Conjuration                  7
   g - Spellforged Servitor           Conjuration/Summoning        7
 S - Vehumet's Compendium of Conjuration
   (You found it on level 1 of the Depths)

   Spells                             Type                      Level
   a - Shock                          Conjuration/Air              1
   b - Conjure Flame                  Conjuration/Fire             3
   c - Mephitic Cloud                 Conjuration/Poison/Air       3
   d - Bolt of Fire                   Conjuration/Fire             6
Miscellaneous
 p - a lamp of fire (inert)
 q - a disc of storms
 y - a phial of floods
 B - a fan of gales
Comestibles
 c - 25 bread rations
 t - 10 fruits


   Skills:
 + Level 16.6 Fighting
 - Level 13.0 Staves
 - Level 10.0 Dodging
 - Level 2.1 Stealth
 - Level 15.0 Shields
 + Level 15.2 Spellcasting
 + Level 16.8 Conjurations
 - Level 10.0 Summonings
 * Level 19.8 Fire Magic
 - Level 6.0 Evocations


You had 16 spell levels left.
You knew the following spells:

 Your Spells              Type           Power        Failure   Level  Hunger
a - Stone Arrow           Conj/Erth      ######       1%          3    None
b - Conjure Flame         Conj/Fire      ########     0%          3    None
c - Mephitic Cloud        Conj/Pois/Air  ######..     1%          3    None
d - Iskenderun's Mystic   Conj           #######.     1%          4    None
e - Bolt of Fire          Conj/Fire      ########..   1%          6    ####...
f - Fireball              Conj/Fire      ########..   1%          5    None
g - Sticky Flame          Conj/Fire      ########     0%          4    None
h - Spellforged Servitor  Conj/Summ      #######...   2%          7    #####..
j - Flame Tongue          Conj/Fire      #####        0%          1    None


Dungeon Overview and Level Annotations

Branches:
Dungeon (15/15)            Temple (1/1) D:7            Lair (6/6) D:9
 Shoals (4/4) Lair:3       Spider (4/4) Lair:3        Slime (0/5) Lair:6
    Orc (2/2) D:9             Elf (3/3) Orc:2        Vaults (4/5) D:14
  Crypt (0/3) Vaults:3     Depths (2/5) D:15

Altars:
Ashenzari
Cheibriados
Dithmenos
Elyvilon
Fedhas
Gozag
Hepliaklqana
Kikubaaqudgha
Makhleb
Nemelex Xobeh
Okawaru
Qazlal
Ru
Sif Muna
Trog
Uskayaw
Vehumet
Xom
Yredelemnul
Zin
The Shining One
Beogh

Shops:
D:6 ?   D:12 !   D:13 [   Orc:1 :   Orc:2 =*%(   Elf:2 *   Elf:3 *}**
Vaults:2 *   Vaults:4 =:

Portals:
Hell: Depths:1 Depths:2
Trove: Elf:2 (give 18 scrolls of identify)


Innate Abilities, Weirdness & Mutations

You are resistant to torment.
Your stone body is resilient. (AC +17)
You are immune to poison.
Your large and strong wings let you fly indefinitely.
You resist negative energy. (rN+)
You are resistant to electric shocks. (rElec)
You can survive without breathing.
You are immune to petrification.
You are immune to rotting.
You are partially covered in icy blue scales. (AC +2)


Message History

Confirm with . or Enter, or press ? or * to list all spells.
You don't have enough magic to cast that spell.
Casting: Stone Arrow
Confirm with . or Enter, or press ? or * to list all spells.
Aiming: Stone Arrow
Press: ? - help, Shift-Dir - straight line, f/p - tentacled monstrosity
Aim: a tentacled monstrosity (almost dead, constricting you, covered in liquid flames)
The stone arrow hits the tentacled monstrosity.
You kill the tentacled monstrosity!
Vehumet accepts your kill.
You feel your power returning.
The spriggan berserker hits you with a rapier!
* * * LOW HITPOINT WARNING * * *
You block the spriggan berserker's attack.
GONNNNG!
You hear a shout! x3
You block the spriggan berserker's attack.
GONNNNG!
The titan waves its arms in wide circles.
The air twists around and violently strikes you in flight!
You die...

#...###...###...###.>.##.####
........#...#.....#....#...#
.#....#.......#....#.#.#...#
#....#.......#....#....#..#
#....#.......[....#>.⌠..##
#..###..#...#.####..#.....##
#......#.###............⌠..#
#.#...#.....#.#...#.#>......
#.....#.>.@i#))...#.#######
#....#...^iC.#....### #...
.#.....#.<.<[#.....# #...
.#.#...#.#.[.([#...#.# #...
.........(###[#[.....# ##...
.#..####.#...#[.###..# #....
.#....#..[....#i...#.. #....
#....#.......#....#..##....
...#....#.......#....# .# .##


You could see a titan, a spriggan defender, a spriggan berserker (berserk) and a
spriggan.

Vanquished Creatures
  Mennas (Vaults:2)
  An ancient lich (Depths:1)
  Saint Roka (Vaults:2)
  Nikola (Shoals:4)
  the Enchantress (Depths:2)
  A Cloud Mage (WizLab)
  Arachne (Spider:4)
  Jorgrun (Elf:2)
  A tentacled monstrosity (Depths:2)
  Asterion (Vaults:3)
  2 liches
  2 deep elf blademasters (Elf:3)
  Polyphemus (Shoals:3)
  A deep elf master archer (Elf:3)
  4 sphinxes
  2 krakens (Shoals:3)
  The ghost of avis the Messiah, an adept HOFi of Beogh (Shoals:3)
  Roxanne (Spider:3)
  4 tengu reavers
  2 fire giants
  6 deep elf sorcerers
  7 vault wardens
  2 orc warlords
  Ilsuiw (Shoals:4)
  6 emperor scorpions
  An iron dragon (Depths:1)
  4 ghost moths (Spider:4)
  3 frost giants
  2 deep elf elementalists (Elf:3)
  2 spriggan defenders (Depths:2)
  7 ironheart preservers
  2 stone giants
  A very ugly thing (Depths:1)
  A draconian annihilator (Depths:1)
  2 vampire knights
  Nessos (Lair:5)
  6 deep elf demonologists
  7 entropy weavers
  The ghost of elan the Martial Artist, a journeyman MfTm of Makhleb (Lair:4)
  Azrael (Elf:1)
  9 deep elf annihilators
  4 spark wasps
  An eidolon (Vaults:3)
  An ettin (Vaults:4)
  5 deep elf death magi
  5 yaktaur captains
  3 merfolk javelineers
  12 merfolk impalers
  16 ogre magi
  4 vault guards
  5 fire dragons
  9 great orbs of eyes
  2 rakshasas (Vaults:3)
  2 deep elf high priests
  Erolcha (D:9)
  3 spriggan air magi
  5 ice dragons
  8 hydras
  2 catoblepae
  5 merfolk avatars
  2 death knights
  2 merfolk aquamancers (Shoals:4)
  12 centaur warriors
  Erica (Orc:1)
  26 dancing weapons
  5 satyrs
  2 alligator snapping turtles
  3 tengu warriors
  2 hell hogs (Depths:1)
  4 deep troll shamans (Depths:1)
  2 deep troll earth magi (Depths:2)
  3 orc high priests
  8 death yaks
  2 vampire magi (Depths:2)
  2 hell knights (D:13)
  A spriggan berserker (Depths:1)
  7 skeletal warriors
  20 deep elf knights
  4 iron trolls
  A spark wasp zombie (Depths:2)
  8 sea snakes
  2 unseen horrors
  4 glowing orange brains
  3 flayed ghosts
  18 deep elf archers
  6 wizards
  13 deep trolls
  5 ironbrand convokers
  3 tengu zombies (Vaults:3)
  7 hill giants
  31 harpies
  A phantasmal warrior (D:12)
  6 necromancers
  A lindwurm (Lair:6)
  15 orc knights
  A harpy (shapeshifter) (Vaults:2)
  76 deep elf magi
  45 ugly things
  25 orb spiders
  2 wolf spider zombies
  A fire giant zombie (Vaults:1)
  7 orc sorcerers
  17 manticores
  2 salamanders (shapeshifter)
  7 cyclopes
  32 wolf spiders
  23 elephants
  A human zombie (Vaults:3)
  14 vault sentinels
  41 fauns
  17 sirens
  An elephant (shapeshifter) (Vaults:2)
  5 centaur zombies
  4 black mambas
  2 eyes of devastation (shapeshifter)
  A naga mage (Depths:1)
  4 water nymphs
  2 ice statues (IceCv)
  A water nymph (shapeshifter) (Depths:2)
  13 spiny frogs
  3 molten gargoyles (Lair:6)
  A guardian serpent (shapeshifter) (D:13)
  5 gargoyles
  A storm dragon simulacrum (Vaults:3)
  2 rime drakes
  A kobold demonologist (D:12)
  10 komodo dragons
  An efreet (D:15)
  32 yaktaurs
  17 demonic crawlers
  5 freezing wraiths
  5 ice devils
  A yaktaur skeleton (D:15)
  A troll (shapeshifter) (Depths:2)
  An entropy weaver simulacrum (Vaults:2)
  4 tengu conjurers (Depths:1)
  38 merfolk
  4 polar bears
  6 meliai
  15 wind drakes
  19 two-headed ogres
  17 trolls
  18 jumping spiders
  9 blink frogs
  10 hornets
  A spriggan zombie (D:15)
  3 dream sheep
  13 hippogriffs
  9 snapping turtles
  A hippogriff (shapeshifter) (Depths:2)
  21 slime creatures
  A meliai zombie (D:13)
  2 human simulacra
  2 shadows
  Sigmund (D:6)
  17 air elementals
  5 water elementals
  52 redbacks
  A flying skull (Vaults:3)
  A spriggan (shapeshifter) (D:14)
  A deep troll skeleton (D:15)
  A vampire (D:15)
  6 spriggans
  A redback (shapeshifter) (D:13)
  34 yaks
  26 tarantellas
  A basilisk (shapeshifter) (Elf:2)
  7 wyverns
  4 wraiths
  5 basilisks
  5 fire elementals
  6 hungry ghosts
  Menkaure (D:6)
  3 steam dragons
  5 insubstantial wisps (WizLab)
  14 wargs
  4 mottled dragons
  2 soldier ants
  A floating eye (Depths:1)
  14 hell hounds
  13 water moccasins
  6 porcupines
  5 human skeletons
  38 orc warriors
  14 ice beasts
  9 sky beasts
  An ogre (shapeshifter) (Elf:2)
  6 phantoms
  66 ogres
  15 boggarts
  A necrophage (D:9)
  2 eyes of draining
  4 wolves
  26 centaurs
  9 crocodiles
  23 bullfrogs
  2 big kobolds
  A wyvern zombie (D:13)
  3 earth elementals
  4 scorpions
  A troll zombie (D:9)
  An orc simulacrum (Vaults:1)
  15 killer bees
  8 wights
  A howler monkey (D:6)
  3 electric eels
  5 crimson imps
  5 lava snakes (Lair:6)
  A quasit (D:8)
  7 hounds
  7 jellies
  3 bullfrog skeletons
  23 orc priests
  2 centaur skeletons
  A gnoll shaman (Orc:2)
  33 orc wizards
  Ijyb (D:2)
  6 iguanas
  9 worker ants
  A troll simulacrum (IceCv)
  A killer bee zombie (D:9)
  A centaur simulacrum (IceCv)
  7 ogre zombies (D:9)
  A hound zombie (D:8)
  A howler monkey zombie (D:5)
  2 worker ant zombies
  23 gnolls
  An ogre simulacrum (IceCv)
  9 adders
  4 shadow imps
  A white imp (Vaults:4)
  An ufetubus (Vaults:4)
  6 oozes
  An ooze (shapeshifter) (Vaults:1)
  An adder skeleton (D:6)
  A worm (D:5)
  2 dart slugs (D:1)
  5 leopard geckos
  107 orcs
  7 ball pythons
  9 bats
  4 giant cockroaches
  2 gnoll zombies (D:5)
  2 goblins
  7 hobgoblins
  27 jackals
  10 kobolds
  5 quokkas
  11 frilled lizards
  2 goblin skeletons (D:9)
  5 goblin zombies (D:9)
  3 hobgoblin skeletons (D:9)
  A jackal skeleton (D:7)
  3 orc skeletons (D:9)
  13 orc zombies
  A quokka skeleton (D:5)
  13 rats
  7 bushes
  2 crawling corpses (Elf:2)
  3 fungi
  22 plants
  6 withered plants (D:15)
1989 creatures vanquished.

Vanquished Creatures (collateral kills)
  A deep elf master archer (Elf:3)
  2 deep elf annihilators (Elf:3)
  A deep elf high priest (Elf:3)
  A deep elf death mage (Elf:3)
  A spriggan air mage (WizLab)
  A dancing weapon (Elf:3)
  2 deep elf knights (Elf:3)
  A glowing orange brain (Depths:1)
  2 deep elf archers (Elf:3)
  5 deep elf magi (Elf:3)
  2 wind drakes (WizLab)
  A slime creature (Depths:1)
  8 air elementals (WizLab)
  2 insubstantial wisps (WizLab)
  A hell hound (Depths:1)
  A tengu (shapeshifter) (Elf:3)
  An orc wizard (Vaults:3)
33 creatures vanquished.

Vanquished Creatures (others)
  A fire giant (Depths:1)
  A phantasmal warrior (Depths:2)
  A gargoyle (D:13)
  A rime drake (Lair:6)
  A hornet (shapeshifter) (Depths:2)
  An air elemental (Elf:1)
  An orc (D:5)
  A bush (Lair:6)
  10 fungi
  24 plants
  16 tentacles (Shoals:3)
  A withered plant (D:15)
59 creatures vanquished.

Grand Total: 2081 creatures vanquished

Notes
Turn   | Place    | Note
-------+----------+-------------------------------------------
     0 | D:1      | rutigerpupkin the Gargoyle Fire Elementalist began the quest for the Orb.
     0 | D:1      | Reached XP level 1. HP: 10/10 MP: 3/3
   131 | D:1      | Reached XP level 2. HP: 11/15 MP: 0/5
   434 | D:1      | Reached XP level 3. HP: 16/19 MP: 1/6
   638 | D:1      | Learned a level 3 spell: Conjure Flame
   718 | D:2      | Noticed Ijyb
   745 | D:2      | Killed Ijyb
  1062 | D:2      | Reached XP level 4. HP: 24/24 MP: 6/8
  1433 | D:3      | Reached skill level 4 in Fire Magic
  1823 | D:3      | Reached XP level 5. HP: 21/28 MP: 9/9
  2325 | D:4      | Noticed an ogre
  2331 | D:4      | Found a glowing drain.
  2342 | D:4      | Killed an ogre
  2342 | D:4      | Reached XP level 6. HP: 32/32 MP: 11/11
  2359 | D:4      | Learned a level 4 spell: Sticky Flame
  2381 | D:4      | Reached skill level 5 in Fire Magic
  2420 | Sewer    | Entered a sewer
  2782 | D:4      | Found a hide-covered altar of Uskayaw.
  2890 | D:4      | Got a smoking robe
  3041 | D:4      | Identified the +0 robe "Ynoed" {rF- rC++ Str+5} (You found it on level 4 of the Dungeon)
  3098 | D:4      | Noticed a phantom
  3106 | D:4      | Killed a phantom
  3106 | D:4      | Reached XP level 7. HP: 32/36 MP: 13/13
  3411 | D:5      | Entered Level 5 of the Dungeon
  3436 | D:5      | Reached skill level 6 in Fire Magic
  3961 | D:5      | Found a basalt altar of Yredelemnul.
  4039 | D:5      | Reached XP level 8. HP: 31/41 MP: 15/15
  4173 | D:5      | Reached skill level 7 in Fire Magic
  4292 | D:5      | Found a glowing golden altar of the Shining One.
  4376 | D:5      | Reached skill level 5 in Spellcasting
  4376 | D:5      | Reached skill level 5 in Conjurations
  4499 | D:5      | Learned a level 5 spell: Fireball
  4614 | D:6      | Reached skill level 1 in Fighting
  4914 | D:6      | Reached skill level 8 in Fire Magic
  4914 | D:6      | Reached XP level 9. HP: 33/48 MP: 15/17
  4974 | D:6      | Noticed Menkaure
  4979 | D:6      | Killed Menkaure
  5104 | D:6      | Found Erikhlenk's Magic Scroll Shop.
  5115 | D:6      | Bought a scroll of magic mapping for 42 gold pieces
  5115 | D:6      | Bought a scroll of remove curse for 36 gold pieces
  5115 | D:6      | Bought a scroll of fog for 24 gold pieces
  5118 | D:6      | Bought a scroll of enchant armour for 90 gold pieces
  5118 | D:6      | Bought a scroll of amnesia for 42 gold pieces
  5131 | D:6      | Noticed Sigmund
  5144 | D:6      | Killed Sigmund
  5583 | D:7      | Reached skill level 1 in Staves
  5659 | D:7      | Noticed a troll
  5667 | D:7      | Killed a troll
  5670 | D:7      | Reached skill level 9 in Fire Magic
  5872 | D:7      | Found a staircase to the Ecumenical Temple.
  5965 | Temple   | Entered the Ecumenical Temple
  5990 | Temple   | Became a worshipper of Vehumet
  6188 | D:8      | Found a blossoming altar of Fedhas.
  6190 | D:8      | Found a glowing silver altar of Zin.
  6209 | D:8      | Found a glowing golden altar of the Shining One.
  6251 | D:8      | Reached XP level 10. HP: 56/56 MP: 15/19
  6653 | D:8      | Reached * piety under Vehumet
  6653 | D:8      | Offered knowledge of Sandblast by Vehumet.
  6969 | D:8      | Noticed a hill giant
  6978 | D:8      | Killed a hill giant
  7421 | D:9      | Offered knowledge of Sting by Vehumet.
  7427 | D:9      | Reached ** piety under Vehumet
  7454 | D:9      | Found a staircase to the Orcish Mines.
  7593 | D:9      | Reached skill level 10 in Fire Magic
  7644 | D:9      | Found a staircase to the Lair.
  7653 | Lair:1   | Entered Level 1 of the Lair of Beasts
  7771 | Lair:1   | Noticed a spiny frog
  7778 | Lair:1   | Killed a spiny frog
  7778 | Lair:1   | Reached skill level 5 in Fighting
  7788 | Lair:1   | Offered knowledge of Ignite Poison by Vehumet.
  7835 | Lair:1   | Learned a level 3 spell: Ignite Poison
  8211 | Lair:1   | Noticed a spiny frog
  8221 | Lair:1   | Killed a spiny frog
  8221 | Lair:1   | Reached XP level 11. HP: 40/64 MP: 21/21
  8610 | D:9      | Noticed Erolcha
  8641 | D:9      | Killed Erolcha
  8641 | D:9      | Reached skill level 1 in Shields
  8650 | D:9      | Reached *** piety under Vehumet
  8920 | D:9      | Got an iridescent longbow
  8934 | D:9      | Identified the cursed +0 longbow "Otaqebye" {velocity, rF+ Dex+2} (You found it on level 9 of the Dungeon)
  9169 | Lair:2   | Noticed a five-headed hydra
  9187 | Lair:2   | Killed a five-headed hydra
  9496 | Lair:2   | Reached skill level 5 in Dodging
  9505 | Lair:2   | Reached skill level 11 in Fire Magic
  9583 | Lair:2   | Offered knowledge of Iskenderun's Mystic Blast by Vehumet.
  9589 | Lair:2   | Learned a level 4 spell: Iskenderun's Mystic Blast
  9616 | Lair:2   | Got a colourful robe
  9628 | Lair:2   | Identified the cursed +0 robe of the Gusle {rPois} (You found it on level 2 of the Lair of Beasts)
 10432 | Lair:3   | Reached XP level 12. HP: 68/71 MP: 23/23
 10463 | Lair:3   | Reached skill level 5 in Staves
 10703 | Lair:3   | Found a hole to the Spider Nest.
 10957 | Lair:3   | Reached **** piety under Vehumet
 11249 | Lair:3   | Found a staircase to the Shoals.
 11713 | Lair:4   | Noticed elan's ghost (journeyman MfTm)
 11719 | Lair:4   | Noticed a five-headed hydra
 11728 | Lair:4   | Killed elan's ghost
 11732 | Lair:4   | Killed a five-headed hydra
 11732 | Lair:4   | Reached skill level 12 in Fire Magic
 11921 | Lair:4   | Offered knowledge of Mephitic Cloud by Vehumet.
 11927 | Lair:4   | Learned a level 3 spell: Mephitic Cloud
 11974 | Lair:4   | Got a transparent cloak
 12050 | Lair:4   | Identified the +0 cloak of Shadows and Fog {*Slow rC+ Regen+ Stlth+} (You found it on level 4 of the Lair of Beasts)
 12811 | Lair:5   | Reached XP level 13. HP: 78/78 MP: 25/25
 12831 | Lair:5   | Reached skill level 5 in Shields
 13077 | Lair:5   | Noticed Nessos
 13091 | Lair:5   | HP: 3/78 [Nessos/arrow (18)]
 13091 | Lair:5   | HP: 1/78 [Nessos/arrow (2)]
 13287 | Lair:5   | Killed Nessos
 13539 | Lair:5   | Reached skill level 13 in Fire Magic
 13935 | Lair:6   | Entered Level 6 of the Lair of Beasts
 13975 | Lair:6   | Reached skill level 10 in Conjurations
 13980 | Lair:6   | Reached ***** piety under Vehumet
 14050 | Lair:6   | Offered knowledge of Yara's Violent Unravelling by Vehumet.
 14155 | Lair:6   | Found a staircase to the Slime Pits.
 14831 | Lair:6   | Gained mutation: Your large and strong wings let you fly indefinitely. [Gargoyle growth]
 14831 | Lair:6   | Reached XP level 14. HP: 84/84 MP: 9/27
 15955 | Lair:6   | Found a large runed door.
 15956 | Lair:6   | Found a large runed door.
 16666 | Orc:1    | Entered Level 1 of the Orcish Mines
 16898 | Orc:1    | Noticed Erica
 16931 | Orc:1    | Killed Erica
 16997 | Orc:1    | Found Alahogg's Book Shoppe.
 17354 | Orc:1    | Noticed an orc warlord
 17382 | Orc:1    | Killed an orc warlord
 17545 | Orc:1    | Offered knowledge of Fulminant Prism by Vehumet.
 17545 | Orc:1    | Reached skill level 14 in Fire Magic
 17676 | Orc:1    | Found a roughly hewn altar of Beogh.
 17897 | Orc:2    | Entered Level 2 of the Orcish Mines
 17917 | Orc:2    | Found a staircase to the Elven Halls.
 18453 | Orc:2    | Noticed a stone giant
 18503 | Orc:2    | Killed a stone giant
 18646 | Orc:2    | Got a crude scimitar {venom}
 18734 | Orc:2    | Reached XP level 15. HP: 92/92 MP: 28/28
 18837 | Orc:2    | Offered knowledge of Spellforged Servitor by Vehumet.
 18844 | Orc:2    | Reached skill level 10 in Fighting
 18984 | Orc:2    | Noticed an orc warlord
 19183 | D:9      | Learned a level 7 spell: Spellforged Servitor
 19344 | Orc:2    | Killed an orc warlord
 19344 | Orc:2    | Reached skill level 10 in Spellcasting
 19458 | Orc:2    | Reached skill level 1 in Summonings
 19482 | Orc:2    | Found Fakilama's Antique Weapon Boutique.
 19482 | Orc:2    | Found Puenayc's Food Boutique.
 19661 | Orc:2    | Found Hapovvim's General Store.
 19672 | Orc:2    | Found Dioweime's Jewellery Shop.
 19675 | Orc:2    | Bought a scroll of immolation for 49 gold pieces
 19680 | Orc:2    | Bought a cursed ring of teleportation for 72 gold pieces
 19680 | Orc:2    | Bought a cursed amulet of inaccuracy for 32 gold pieces
 19991 | D:10     | Entered Level 10 of the Dungeon
 21364 | D:12     | Found Xylatax's Distillery.
 21429 | D:12     | Bought a potion of brilliance for 60 gold pieces
 21429 | D:12     | Bought a potion of haste for 150 gold pieces
 21429 | D:12     | Bought a potion of might for 60 gold pieces
 21429 | D:12     | Bought a potion of curing for 45 gold pieces
 21429 | D:12     | Bought a potion of ambrosia for 120 gold pieces
 21429 | D:12     | Bought a potion of curing for 45 gold pieces
 21429 | D:12     | Bought a potion of heal wounds for 75 gold pieces
 21551 | D:12     | Offered knowledge of Bolt of Cold by Vehumet.
 22063 | Shoals:1 | Entered Level 1 of the Shoals
 22703 | Shoals:1 | Reached XP level 16. HP: 99/99 MP: 21/30
 23019 | Shoals:1 | Reached skill level 15 in Fire Magic
 24465 | D:13     | Found Iticzep's Antique Armour Shoppe.
 24747 | D:13     | Reached ****** piety under Vehumet
 24911 | D:13     | Offered knowledge of Poisonous Cloud by Vehumet.
 24933 | D:13     | Found a frozen archway.
 25062 | IceCv    | Entered an ice cave
 25235 | IceCv    | Noticed meatyocre's ghost (journeyman MiBe)
 26536 | Shoals:2 | Got a sparkling bone ring
 27014 | Shoals:2 | Reached skill level 10 in Staves
 27215 | Shoals:2 | Reached skill level 5 in Summonings
 27420 | Shoals:3 | Reached XP level 17. HP: 104/104 MP: 25/32
 27550 | Shoals:3 | Offered knowledge of Ozocubu's Refrigeration by Vehumet.
 27710 | Shoals:3 | Noticed a kraken
 27719 | Shoals:3 | Killed a kraken
 27771 | Shoals:3 | Noticed Polyphemus
 27867 | Shoals:3 | Noticed avis's ghost (adept HOFi)
 27885 | Shoals:3 | Killed Polyphemus
 28001 | Shoals:3 | Noticed a kraken
 28109 | Shoals:3 | Killed avis's ghost
 28652 | Lair:2   | Identified the ring "Xasem" {Wiz Str+4} (You found it on level 2 of the Shoals)
 29194 | Shoals:4 | Entered Level 4 of the Shoals
 29506 | Shoals:3 | Killed a kraken
 29506 | Shoals:3 | Reached skill level 10 in Shields
 30222 | Shoals:4 | Offered knowledge of Bolt of Fire by Vehumet.
 30329 | Shoals:3 | Learned a level 6 spell: Bolt of Fire
 30695 | Shoals:4 | Got a fine short sword
 31076 | Shoals:4 | Noticed Nikola
 31246 | Shoals:4 | Noticed Ilsuiw
 31253 | Shoals:4 | Killed Ilsuiw
 31390 | Shoals:4 | Reached XP level 18. HP: 112/112 MP: 30/33
 31936 | Shoals:4 | Got a barnacled rune of Zot
 31947 | Shoals:4 | Killed Nikola
 33623 | D:14     | Found a gate to the Vaults.
 34406 | D:15     | Entered Level 15 of the Dungeon
 34780 | D:15     | Found a staircase to the Depths.
 35240 | D:15     | Reached skill level 10 in Dodging
 35419 | D:15     | Offered knowledge of Fire Storm by Vehumet.
 35419 | D:15     | Offered knowledge of Chain Lightning by Vehumet.
 35419 | D:15     | Offered knowledge of Tornado by Vehumet.
 36002 | D:13     | Bought an embroidered cloak for 367 gold pieces
 36012 | D:13     | Bought a runed cloak for 367 gold pieces
 36184 | Elf:1    | Entered Level 1 of the Elven Halls
 36411 | Elf:1    | Identified the Almanac of Conjuration
 36717 | Elf:1    | Reached skill level 16 in Fire Magic
 37196 | Elf:1    | Noticed Azrael
 37779 | Elf:1    | Killed Azrael
 37913 | Elf:2    | Reached XP level 19. HP: 114/119 MP: 32/35
 37958 | Elf:2    | Found a portal to a secret trove of treasure.
 38336 | Elf:2    | Found Sawnam's Assorted Antiques.
 38366 | Elf:2    | Bought a scroll of identify for 54 gold pieces
 38484 | Elf:2    | Found a runed door.
 38504 | Elf:2    | Found a runed door.
 38610 | Elf:2    | Noticed Jorgrun
 39504 | Elf:2    | Killed Jorgrun
 40833 | Spider:1 | Entered Level 1 of the Spider Nest
 41834 | Spider:2 | Reached skill level 1 in Evocations
 43666 | Spider:3 | Noticed Roxanne
 43794 | Spider:3 | Reached XP level 20. HP: 126/126 MP: 13/36
 44376 | Spider:3 | Killed Roxanne
 44387 | Spider:3 | Identified Roxanne's Handbook of Earth (You took it off Roxanne on level 3 of the Spider Nest)
 44394 | Spider:3 | Learned a level 3 spell: Stone Arrow
 44543 | Spider:4 | Entered Level 4 of the Spider Nest
 45662 | Spider:4 | Noticed Arachne
 45673 | Spider:4 | Killed Arachne
 46220 | Spider:4 | Got a gossamer rune of Zot
 46612 | Lair:2   | Identified 3 scrolls of acquirement
 46613 | Lair:2   | Got a steaming ring mail
 46627 | Lair:2   | Identified the +2 ring mail of Youthful Indiscretion {Int+7} (You acquired it on level 2 of the Lair of Beasts)
 46823 | Vaults:1 | Entered Level 1 of the Vaults
 46881 | Vaults:1 | Got an iridescent arbalest
 48676 | Vaults:2 | Found a magical portal.
 48723 | WizLab   | Entered The Chambers of the Cloud Mage
 48754 | WizLab   | Reached XP level 21. HP: 127/132 MP: 37/38
 49350 | WizLab   | Identified the Compendium of Air
 49352 | WizLab   | Identified Sif Muna's Guide on Air
 49950 | Lair:2   | Identified the +1 arbalest "Ononee Ecio" {penet, *Drain rF++ Dex+4} (You found it on level 1 of the Vaults)
 49951 | Lair:2   | Identified the +7 scimitar "Huasm" {venom, rPois} (You took it off an orc knight on level 2 of the Orcish Mines)
 49952 | Lair:2   | Identified the +6 short sword of Laoh {chaos, +Blink rPois Str+2 Int-5} (You found it on level 4 of the Shoals)
 50159 | D:14     | Reached skill level 17 in Fire Magic
 50244 | Vaults:2 | Reached skill level 5 in Evocations
 50508 | Vaults:2 | Reached skill level 10 in Summonings
 50561 | Vaults:2 | Reached skill level 15 in Conjurations
 50755 | Vaults:2 | Noticed Mennas
 50775 | Vaults:2 | Killed Mennas
 51088 | Vaults:2 | Found Hooddaos's Assorted Antiques.
 51096 | Vaults:2 | Bought a runed helmet for 325 gold pieces
 51198 | Vaults:2 | Noticed Saint Roka
 51206 | Vaults:2 | Killed Saint Roka
 52040 | Vaults:3 | Reached skill level 15 in Fighting
 52439 | Vaults:3 | Found a staircase to the Crypt.
 53446 | Vaults:3 | Reached XP level 22. HP: 140/140 MP: 35/39
 53499 | Vaults:3 | Noticed Asterion
 53502 | Vaults:3 | Killed Asterion
 54066 | Vaults:4 | Reached skill level 18 in Fire Magic
 54244 | Vaults:4 | Found Fatrax's Book Shop.
 54267 | Vaults:4 | Got a shimmering dagger
 54318 | Vaults:4 | Found Inoxt's Jewellery Emporium.
 54392 | Vaults:4 | Got a slimy chain mail
 54823 | Lair:2   | Gained mutation: You are partially covered in icy blue scales. (AC +2) [potion of beneficial mutation]
 55001 | Elf:3    | Entered Level 3 of the Elven Halls
 55242 | Elf:3    | Found Lutiram's Gadget Emporium.
 55251 | Elf:3    | Found Ofoasesili's Assorted Antiques.
 55262 | Elf:3    | Bought a silken robe for 176 gold pieces
 55293 | Elf:3    | Found Tumuxzut's General Store.
 55309 | Elf:3    | Bought a scroll of blinking for 105 gold pieces
 55309 | Elf:3    | Found Iclamat's General Store.
 55336 | Elf:3    | Bought a scroll of identify for 36 gold pieces
 55336 | Elf:3    | Bought 2 scrolls of identify for 72 gold pieces
 57057 | Elf:3    | Got a bloodstained glaive {freeze}
 57101 | Elf:3    | Identified Sif Muna's Foundations of Spellcraft
 57106 | Elf:3    | Identified the Guide on Flight
 57195 | Elf:3    | Reached XP level 23. HP: 139/146 MP: 39/41
 57392 | Lair:2   | Identified the +4 robe of Geruvia {*Corrode Str+4} (You bought it in a shop on level 3 of the Elven Halls)
 57900 | Elf:3    | Got a jade-encrusted ring mail
 58357 | Depths:1 | Entered Level 1 of the Depths
 58801 | Depths:1 | Reached skill level 19 in Fire Magic
 59074 | Depths:1 | Found a gateway to Hell.
 59469 | Depths:1 | Found a runed door.
 59483 | Depths:1 | Found a radiant altar of Vehumet.
 59483 | Depths:1 | Noticed an ancient lich
 59492 | Depths:1 | Killed an ancient lich
 59512 | Depths:1 | Identified Vehumet's Compendium of Conjuration
 59873 | Depths:1 | Reached skill level 15 in Shields
 60232 | Depths:2 | Reached skill level 15 in Spellcasting
 60469 | Depths:2 | Noticed Mara
 60490 | Depths:1 | Noticed rutigerpupkin's illusion
 61194 | Depths:2 | Noticed the Enchantress
 61211 | Depths:2 | Killed the Enchantress
 61275 | Depths:2 | Killed from afar by a titan

Skill      XL: |  1  2  3  4  5  6  7  8  9 10 11 12 13 14 15 16 17 18 19 20 21 22 23 |
---------------+----------------------------------------------------------------------+-----
Conjurations   | 2 3 4 5 6 7 8 9 10 11 12 13 14 15 16 | 16.8
Fire Magic     | 4 5 6 8 9 10 11 12 13 14 15 16 17 18 19 | 19.8
Spellcasting   | 3 4 5 6 7 8 9 10 11 12 13 14 15 | 15.2
Fighting       | 2 4 5 6 7 8 9 10 11 12 13 14 15 16 | 16.6
Dodging        | 2 3 4 5 6 7 8 9 10 | 10.0
Staves         | 2 3 4 6 7 8 9 10 11 12 13 | 13.0
Shields        | 3 4 6 7 8 9 10 11 12 13 14 15 | 15.0
Summonings     | 3 5 6 7 8 9 10 | 10.0
Evocations     | 2 4 6 |  6.0
Stealth        | |  2.1

Action                   |  1- 3 |  4- 6 |  7- 9 | 10-12 | 13-15 | 16-18 | 19-21 | 22-24 || total
-------------------------+-------+-------+-------+-------+-------+-------+-------+-------++-------
Melee: Unarmed           |     2 |       |       |       |       |       |       |       ||     2
       Dagger            |    37 |     3 |       |       |       |       |       |       ||    40
       Whip              |     2 |       |       |       |       |       |       |       ||     2
       Spear             |       |    31 |    65 |       |       |       |       |       ||    96
       Flail             |       |       |    42 |     3 |       |       |       |       ||    45
       Scythe            |       |       |    15 |    83 |       |       |       |       ||    98
       Staff             |       |       |       |    61 |   166 |   296 |   517 |   201 ||  1241
Throw: Javelin           |       |       |       |       |       |     4 |       |       ||     4
 Cast: Flame Tongue      |    35 |   105 |   181 |   257 |   361 |    46 |    11 |       ||   996
       Conjure Flame     |       |     1 |     3 |    11 |    16 |    17 |    18 |     8 ||    74
       Sticky Flame      |       |       |    25 |   108 |   142 |    71 |   103 |    31 ||   480
       Fireball          |       |       |     4 |    16 |   239 |   482 |   319 |   153 ||  1213
       Iskenderun's Myst |       |       |       |       |    99 |    96 |   133 |    16 ||   344
       Mephitic Cloud    |       |       |       |       |    12 |     4 |     2 |     1 ||    19
       Bolt of Fire      |       |       |       |       |       |    72 |   155 |   157 ||   384
       Stone Arrow       |       |       |       |       |       |       |    83 |    74 ||   157
       Spellforged Servi |       |       |       |       |       |       |     9 |    31 ||    40
       Ignite Poison     |       |       |       |       |       |       |     1 |       ||     1
 Abil: Fly               |       |       |       |       |     1 |       |       |       ||     1
Evoke: Wand              |       |       |       |     6 |     1 |     6 |     5 |     2 ||    20
       Lamp of fire      |       |       |       |     1 |       |     1 |       |     1 ||     3
       Rod               |       |       |       |       |       |       |       |     1 ||     1
       Phantom mirror    |       |       |       |       |       |       |       |     1 ||     1
  Use: Scroll            |       |       |     7 |     8 |     3 |     5 |    13 |     1 ||    37
       Potion            |       |       |       |       |     1 |     2 |     2 |     1 ||     6
 Stab: Sleeping          |       |     1 |       |       |       |       |       |       ||     1
       Petrified         |       |       |       |       |       |     8 |       |       ||     8
       Distracted        |       |       |       |       |       |       |     2 |       ||     2
       Confused          |       |       |       |       |       |       |       |     2 ||     2
  Eat: Chunk             |     1 |     7 |    14 |    33 |    71 |   129 |   118 |    45 ||   418
       Beef jerky        |       |       |       |     2 |     3 |     1 |       |       ||     6
       Fruit             |       |       |       |     2 |     3 |     1 |       |     1 ||     7
       Bread ration      |       |       |       |       |     4 |       |       |     1 ||     5
       Pizza             |       |       |       |       |       |       |       |     1 ||     1
Armor: Robe              |    21 |    23 |   101 |   182 |   150 |   128 |   263 |   118 ||   986
Dodge: Dodged            |    37 |    43 |   177 |   273 |   265 |   167 |   369 |    72 ||  1403
Block: Shield            |       |       |       |       |   120 |   225 |   486 |   421 ||  1252
       Buckler           |       |       |       |       |    48 |    12 |       |       ||    60
